 Dungeon Crawl Stone Soup version 0.17-a0-1421-g95311d7 (webtiles) character file.

9863 bal the Nimble (level 11, -3/84 HPs)
             Began as a Demonspawn Gladiator on June 24, 2015.
             Was an Initiate of Gozag.
             Slain by Zooty's ghost (29 damage)
             ... on level 3 of the Lair of Beasts.
             The game lasted 00:36:34 (8564 turns).

bal the Nimble (Demonspawn Gladiator)               Turns: 8564, Time: 00:36:35

Health: -3/84      AC: 20    Str: 17      XL:     11   Next: 28%
Magic:  11/11      EV: 17    Int: 12      God:    Gozag
Gold:   2229       SH:  4    Dex: 12 (13) Spells: 0 memorised, 10 levels left

rFire  + . .     SeeInvis .     B - +1 mace (distort)
rCold  . . .     Clarity  +     J - +1 leather armour {rF+}
rNeg   . . .     SustAt   .     M - +0 buckler
rPois  .         Gourm    .     c - +2 helmet
rElec  .         Spirit   .     r - +0 cloak
rCorr  .         Warding  .     x - +0 pair of gloves
rMut   .         Stasis   .     w - +2 pair of boots
MR     +....                    I - amulet of rage
Stlth  ++++......               H - ring of wizardry
                                k - ring of protection from magic

@: exhausted, slowed, very slow, somewhat resistant to hostile enchantments,
stealthy
A: rough black scales 2, clarity, clever 1, nightstalker 1, powered by death 1,
wild magic 1
a: Potion Petition, Call Merchant, Bribe Branch, Renounce Religion, Evoke
Berserk Rage


You were on level 3 of the Lair of Beasts.
You worshipped Gozag.
Gozag was noncommittal.
You were not hungry.

You visited 2 branches of the dungeon, and saw 12 of its levels.

You collected 2257 gold pieces.
You paid 28 gold pieces to Gozag.

Inventory:

Hand weapons
 a - a +0 war axe
 g - a cursed -3 dagger
 j - a +0 hand axe of flaming
 p - a +2 dagger of pain
 z - a +2 quarterstaff of holy wrath
 B - a +1 mace of distortion (weapon)
 D - a +2 whip of freezing
 T - a +1 hand axe of draining
 V - a +0 greatsling
 W - a +2 halberd of protection
Missiles
 d - 3 throwing nets
 f - 11 bolts of flame
 y - 11 tomahawks (quivered)
Armour
 c - a +2 helmet (worn)
 r - a +0 cloak (worn)
 w - a +2 pair of boots (worn)
 x - a +0 pair of gloves (worn)
 C - the cursed +0 leather armour of Omission {MP+9 Dex+3 Stlth+, unknown}
   (You found it on level 1 of the Lair of Beasts)

   It affects your dexterity (+3).
   It affects your magic capacity (+9).
   It makes you more stealthy.
   It has a curse placed upon it.
 J - a +1 leather armour of fire resistance (worn)
 M - a +0 buckler (worn)
Jewellery
 k - a ring of protection from magic (left hand)
 s - an uncursed ring of wizardry
 E - a cursed ring of teleportation
 H - a ring of wizardry (right hand)
 I - an amulet of rage (around neck)
 N - an uncursed amulet of faith
Magical devices
 h - a wand of magic darts (14)
 i - a wand of fireball (0)
 n - a wand of polymorph (8)
 v - a wand of magic darts (24)
 F - a wand of flame (24)
 K - a wand of cold (3)
 L - a wand of polymorph (17)
 O - a wand of flame (24)
 P - a wand of cold (2)
 Q - a wand of paralysis (11)
 R - a wand of flame (27)
Scrolls
 l - 5 scrolls of remove curse
 o - a scroll of fog
 q - 2 scrolls of magic mapping
 u - 5 scrolls of amnesia
Potions
 b - a potion of brilliance
 t - a potion of agility
 U - 2 potions of curing
Comestibles
 e - 4 bread rations
 m - 3 meat rations
 A - 2 royal jellies
 G - 2 beef jerkies
 X - 3 fruits


   Skills:
 + Level 7.6 Fighting
 + Level 4.7(6.1) Axes
 + Level 5.9(6.7) Maces & Flails
 + Level 1.9 Throwing
 + Level 4.5 Armour
 + Level 11.0 Dodging
 + Level 4.8 Stealth
 + Level 2.2 Shields
 + Level 1.3 Evocations


You had 10 spell levels left.
You didn't know any spells.

Dungeon Overview and Level Annotations

Branches:
Dungeon (9/15)             Temple (0/1) D:4            Lair (3/8) D:8
  Swamp: Lair:3-6    Shoals: Lair:3-6     Snake: Lair:3-6    Spider: Lair:3-6
    Orc: D:9-12

Altars:
Elyvilon
Gozag

Shops:
D:6 [

Annotations:
D:5 4thArraOfDagon's ghost, average HOAK
Lair:3 Zooty's ghost, powerful FeWn
Abyss:1 Joseph


Innate Abilities, Weirdness & Mutations

You are mostly covered in rough black scales (AC +7, Dex -2).
You are slightly more attuned to the shadows.
You regenerate a little health from kills.
You possess an exceptional clarity of mind.
Your mind is acute. (Int +2)
Your spells are a little harder to cast, but a little more powerful.


Message History

You hit Zooty's ghost.
Space warps horribly around Zooty's ghost!
Zooty's ghost is heavily damaged.
Zooty's ghost casts a spell at you. The stone arrow hits you!
You block Zooty's ghost's attack.
Your shield prevents you from hitting Zooty's ghost.
Zooty's ghost is heavily damaged.
Zooty's ghost hits you but does no damage.
You miss Zooty's ghost.
Zooty's ghost is heavily damaged.
Zooty's ghost shouts, "You will never get the ORB!"
Zooty's ghost stares at you and mumbles some strange words.
The stone arrow misses you.
Zooty's ghost stares at you and mumbles some strange words.
The stone arrow misses you.
You closely miss Zooty's ghost.
Zooty's ghost is heavily damaged.
Zooty's ghost hits you!!
You die...
Your body crumbles into a pile of gold.

..... ###...#
###.#...# #
#.#..##'### ##.+
##.......>#
.....######.........#
.....'...##........P#
.....###.##.........#
.... #.@W........##
... ####.........# ..
#........## .
#.........#
#####'.#### ##..#.#
###...### #....##
##.#..#


You could see Zooty's ghost.

Vanquished Creatures
  Erolcha (D:8)
  2 hydras (Lair:1)
  Pikel (D:5)
  A spiny frog (Lair:1)
  A fire drake (Lair:2)
  A wyvern (D:8)
  A steam dragon (Lair:2)
  5 yaks
  5 hippogriffs
  2 porcupines (Lair:1)
  3 water moccasins (Lair:1)
  A sky beast (D:8)
  A black bear (D:7)
  3 ogres
  4 orc warriors
  The ghost of bal the Ducker, an average DsGl (D:4)
  2 necrophages
  3 centaurs
  2 crocodiles (Lair:1)
  3 giant frogs
  A scorpion (D:4)
  2 crimson imps
  A giant frog skeleton (D:7)
  6 orc wizards
  A centaur zombie (D:7)
  6 orc priests
  A hound (D:7)
  Jessica (D:2)
  2 iguanas
  6 worker ants
  A sheep (D:8)
  3 gnolls (D:5)
  8 adders
  37 river rats
  A shadow imp (D:6)
  2 adder zombies (D:7)
  4 worms
  A giant gecko (D:1)
  32 orcs
  A bat skeleton (D:8)
  2 giant cockroaches
  9 hobgoblins
  16 jackals
  8 kobolds
  3 quokkas (D:8)
  15 bats
  A giant newt (D:4)
  10 goblins
  18 rats
242 creatures vanquished.

Vanquished Creatures (others)
  An elephant (Lair:3)
  2 spiny frogs (Lair:1)
  2 yaks
  A wyvern (D:7)
  A slave (D:5)
  A crimson imp (D:8)
  A centaur skeleton (D:7)
  3 orc wizards
  A hound skeleton (D:5)
  3 river rats
  An adder (D:6)
  An orc (D:8)
  2 fungi (Lair:2)
20 creatures vanquished.

Grand Total: 262 creatures vanquished

Notes
Turn   | Place    | Note
--------------------------------------------------------------
     0 | D:1      | bal the Demonspawn Gladiator began the quest for the Orb.
     0 | D:1      | Reached XP level 1. HP: 16/16 MP: 1/1
   144 | D:1      | Gained mutation: You are partially covered in rough black scales (AC +4, Dex -1). [demonic ancestry]
   144 | D:1      | Reached XP level 2. HP: 16/22 MP: 2/2
   211 | D:1      | Reached skill level 3 in Dodging
   967 | D:2      | Gained mutation: You regenerate a little health from kills. [demonic ancestry]
   967 | D:2      | Reached XP level 3. HP: 21/28 MP: 3/3
  1047 | D:2      | Found a white marble altar of Elyvilon.
  1103 | D:2      | Found an opulent altar of Gozag.
  1103 | D:2      | Noticed Jessica
  1107 | D:2      | Killed Jessica
  1107 | D:2      | Reached skill level 1 in Armour
  1107 | D:2      | Reached XP level 4. HP: 34/34 MP: 4/4
  1115 | D:2      | Gained mutation: You possess an exceptional clarity of mind. [potion of mutation]
  1115 | D:2      | Gained mutation: Your mind is acute. (Int +2) [potion of mutation]
  1127 | D:2      | Became a worshipper of Gozag Ym Sagoz the Greedy
  1388 | D:3      | Gained mutation: Your spells are a little harder to cast, but a little more powerful. [potion of beneficial mutation]
  1391 | D:3      | Gained mutation: You are mostly covered in rough black scales (AC +7, Dex -2). [demonic ancestry]
  1391 | D:3      | Reached XP level 5. HP: 39/39 MP: 5/5
  1465 | D:3      | Reached skill level 4 in Dodging
  1819 | D:4      | Noticed an ogre
  1831 | D:4      | Killed an ogre
  1831 | D:4      | Reached XP level 6. HP: 36/47 MP: 6/6
  1994 | D:4      | Found a staircase to the Ecumenical Temple.
  2278 | D:4      | Noticed an ogre
  2281 | D:4      | Killed an ogre
  2281 | D:4      | Reached XP level 7. HP: 40/52 MP: 4/7
  2342 | D:4      | Noticed bal's ghost (average DsGl)
  2362 | D:4      | Killed bal's ghost
  2362 | D:4      | Reached skill level 5 in Dodging
  2525 | D:5      | Entered Level 5 of the Dungeon
  2651 | D:5      | Noticed Pikel
  2672 | D:5      | Killed Pikel
  2672 | D:5      | Reached skill level 1 in Maces & Flails
  2672 | D:5      | Reached skill level 6 in Dodging
  2672 | D:5      | Reached skill level 1 in Stealth
  2672 | D:5      | Reached XP level 8. HP: 31/61 MP: 4/8
  2800 | D:5      | Noticed 4thArraOfDagon's ghost (average HOAK)
  3331 | D:6      | Found Axygukh's Antique Armour Boutique.
  4015 | D:7      | Reached skill level 7 in Dodging
  4179 | D:7      | Reached skill level 5 in Fighting
  4309 | D:7      | Reached XP level 9. HP: 35/68 MP: 5/9
  4673 | D:8      | Found a staircase to the Lair.
  4694 | D:8      | Reached skill level 8 in Dodging
  4758 | D:8      | Noticed Erolcha
  4781 | D:8      | Killed Erolcha
  4781 | D:8      | Reached skill level 1 in Evocations
  4834 | D:8      | Reached skill level 9 in Dodging
  5088 | D:8      | Reached XP level 10. HP: 77/77 MP: 10/10
  5374 | D:8      | Noticed Joseph
  5389 | D:8      | Banished Joseph
  5839 | D:8      | Reached skill level 1 in Shields
  5953 | Lair:1   | Entered Level 1 of the Lair of Beasts
  5953 | Lair:1   | Noticed a four-headed hydra
  5995 | Lair:1   | Killed a four-headed hydra
  5995 | Lair:1   | Reached skill level 5 in Maces & Flails
  5995 | Lair:1   | Reached skill level 10 in Dodging
  6310 | Lair:1   | Noticed a six-headed hydra
  6540 | Lair:1   | Killed a six-headed hydra
  6540 | Lair:1   | Gained mutation: You are slightly more attuned to the shadows. [demonic ancestry]
  6540 | Lair:1   | Reached XP level 11. HP: 63/84 MP: 8/11
  6933 | Lair:1   | Got a slimy leather armour
  7194 | Lair:2   | Noticed a five-headed hydra
  7857 | Lair:2   | Banished a five-headed hydra
  8149 | Lair:2   | Reached skill level 11 in Dodging
  8536 | Lair:3   | Noticed Zooty's ghost (powerful FeWn)
  8564 | Lair:3   | Slain by Zooty's ghost

Vault maps used:
D:1:      dpeg_arrival_simpleton_b
D:2:      nicolae_overflow_hidden_temple, old_standard_altar, tgw_kikubaaqudgha,
          uniq_jessica
D:3:      grunt_decor_arrowhead
D:4:      temple_hall, first_bread, moated_statue
D:5:      grunt_temple_overflow_champion_of_chaos,
          grunt_temple_overflow_diamond, uniq_pikel, uniq_sigmund
D:6:      serial_shops, shop, dk_rats_in_the_wall
D:8:      dpeg_lair_monsters, uniq_joseph, uniq_erolcha
D:9:      wad_statue_garden, hangedman_ranch, tso_metal_star, uniq_psyche
Lair:3:   spider_nest_entry_rubble

Action                   |  1- 3 |  4- 6 |  7- 9 | 10-12 || total
-------------------------+-------+-------+-------+-------++-------
Melee: War axe           |   109 |   140 |       |       ||   249
       Mace              |       |    13 |   419 |   409 ||   841
Invok: Potion Petition   |       |       |       |     1 ||     1
 Abil: Evoke Berserk Rag |       |       |       |     1 ||     1
Evoke: Wand              |       |     1 |     3 |     5 ||     9
  Use: Potion            |     5 |     5 |       |    13 ||    23
       Scroll            |     8 |     5 |     2 |     7 ||    22
 Stab: Distracted        |       |       |     1 |     1 ||     2
       Sleeping          |       |       |     2 |     9 ||    11
       Invisible         |       |       |       |     3 ||     3
  Eat: Chunk             |     1 |       |       |       ||     1
       Meat ration       |       |     1 |     1 |     1 ||     3
       Fruit             |       |       |     2 |       ||     2
       Beef jerky        |       |       |     2 |       ||     2
       Bread ration      |       |       |       |     2 ||     2
